AoeStats
← Bartoz

Black Forest

510653757Analyzed
2v2 RM · 1d ago on Oct 2, 2026· 76m 45s· 4 players
Game mode
Random Map
Map size
Medium (4 player)
Population
200
Speed
Normal
Resources
Standard
Victory
Conquest
Starting age
Dark Age
Ending age
Imperial Age
RankedLock teamsTeams togetherTeam positionsShared explorationLock speedFull tech treeHidden civsTurbo modeCheats
Victory
Defeat
🇺🇸 Persians · United States
704
+16
🇸🇦 Turks · Saudi Arabia
703
+16
🇨🇱 Hindustanis · Chile
709
-16
🇵🇹 Portuguese · Portugal
700
-16
Bartoz
1:25 Loom
11:57 Feudal Age
12:26 Double-Bit Axe
12:28 Horse Collar
14:22 Wheelbarrow
15:03 Town Watch
20:52 Castle Age
19:44 Forging
19:27 Fletching
19:47 Padded Archer Armor
20:59 Scale Barding Armor
21:00 Scale Mail Armor
22:00 Husbandry
22:11 Bloodlines
24:20 Hand Cart
24:25 Bow Saw
26:37 Town Patrol
34:47 Imperial Age
35:51 Ballistics
36:33 Chemistry
35:56 Ballistics
35:48 Masonry
35:45 Siege Engineers
35:36 Murder Holes
36:34 Caravan
38:45 Siege Elephant
39:56 Conscription
39:44 Grand Trunk Road
39:47 Shatagni
42:01 Two-Man Saw
41:06 Heavy Plow
43:48 Hoardings
42:34 Elite Ghulam
43:40 Thumb Ring
44:30 Iron Casting
43:51 Bodkin Arrow
44:13 Leather Archer Armor
44:19 Chain Barding Armor
44:15 Chain Mail Armor
47:10 Bracer
47:43 Ring Archer Armor
48:14 Blast Furnace
53:58 Heavy Camel Rider
55:39 Imperial Camel Rider
dvdsnts13
0:26 Loom
14:33 Feudal Age
15:57 Wheelbarrow
15:08 Town Watch
15:05 Horse Collar
23:12 Castle Age
21:36 Gold Mining
21:37 Stone Mining
24:11 Hand Cart
23:56 Town Patrol
25:16 Heavy Plow
25:06 Double-Bit Axe
27:44 Bow Saw
35:21 Imperial Age
36:42 Crop Rotation
37:17 Two-Man Saw
39:54 Elite Organ Gun
40:34 Arquebus
40:55 Conscription
42:09 Gambesons
41:45 Pikeman
42:11 Arson
43:54 Chemistry
43:15 Ballistics
43:00 Siege Engineers
42:56 Halberdier
43:51 Forging
43:42 Scale Mail Armor
43:33 Fletching
43:43 Padded Archer Armor
43:39 Guard Tower
43:30 Treadmill Crane
43:46 Murder Holes
44:01 Fortified Wall
44:02 Masonry
43:43 Heated Shot
49:17 Arquebus
49:38 Conscription
54:04 Bombard Tower
54:19 Keep
54:15 Architecture
54:26 Iron Casting
54:06 Chain Mail Armor
53:47 Bodkin Arrow
54:07 Leather Archer Armor
56:18 Thumb Ring
55:34 Elite Skirmisher
58:12 Blast Furnace
57:43 Plate Mail Armor
57:14 Bracer
57:44 Ring Archer Armor
Rey20211532
1:07 Loom
14:11 Feudal Age
15:26 Wheelbarrow
14:48 Double-Bit Axe
17:49 Horse Collar
18:57 Stone Mining
19:22 Town Watch
19:42 Gold Mining
24:34 Castle Age
25:52 Caravan
27:44 Stone Shaft Mining
29:08 Hand Cart
33:38 Imperial Age
31:38 Heavy Plow
32:31 Gold Shaft Mining
32:36 Bow Saw
35:06 Two-Man Saw
36:17 Conscription
36:12 Citadels
36:05 Kamandaran
37:57 Town Patrol
38:42 Crop Rotation
38:26 Forging
38:22 Scale Barding Armor
38:08 Fletching
38:19 Padded Archer Armor
41:04 Elite War Elephant
43:10 Thumb Ring
43:31 Parthian Tactics
42:27 Heavy Cavalry Archer
43:07 Bodkin Arrow
43:27 Leather Archer Armor
43:48 Iron Casting
43:34 Chain Barding Armor
45:10 Ballistics
45:50 Chemistry
44:51 Murder Holes
66:13 Plate Barding Armor
77:17 Blast Furnace
76:48 Ring Archer Armor
BOSS881408
0:30 Loom
13:12 Feudal Age
20:58 Horse Collar
21:11 Double-Bit Axe
22:10 Fletching
22:21 Padded Archer Armor
24:29 Castle Age
23:26 Fletching
30:27 Heavy Plow
32:50 Fortified Wall
33:02 Ballistics
32:34 Guard Tower
33:07 Ballistics
33:47 Gold Mining
33:50 Stone Mining
35:12 Gold Shaft Mining
37:52 Imperial Age
35:28 Bodkin Arrow
35:49 Leather Archer Armor
38:59 Artillery
39:20 Conscription
39:49 Elite Janissary
40:24 Treadmill Crane
40:52 Bracer
41:23 Ring Archer Armor
42:00 Caravan
45:52 Bow Saw
50:22 Bloodlines
50:29 Forging
53:36 Two-Man Saw
53:04 Scale Barding Armor
53:35 Iron Casting
57:21 Chain Barding Armor
58:01 Blast Furnace
59:00 Plate Barding Armor
Connection lost

Rejoining the realm…

Still unreachable

The connection could not be restored.

Session expired

The server has moved on; the page needs a fresh start.